 Dungeon Crawl Stone Soup version 0.29-a0-9-g022ca4c890 (webtiles) character file.

Game seed: 10162133416493198273

1871 Grim the Basher (level 8, 0/64 HPs)
             Began as a Minotaur Fighter on Jan 28, 2022.
             Slain by an ice beast (14 damage)
             ... on level 7 of the Dungeon.
             The game lasted 00:08:36 (6414 turns).

Grim the Basher (Minotaur Fighter)                  Turns: 6414, Time: 00:08:36

Health: 0/64       AC: 10    Str: 21    XL:     8   Next: 90%
Magic:  7/7        EV:  7    Int:  7    God:
Gold:   362        SH:  5    Dex: 10    Spells: 7/7 levels left

rFire   . . .      SeeInvis .   a - +2 whip (elec)
rCold   . . .      Faith    .   O - +1 buckler {reflect}
rNeg    . . .      Spirit   .   u - +0 chain mail
rPois   .          Reflect  +   (helmet restricted)
rElec   .          Harm     .   v - +0 cloak
rCorr   .          Rampage  .   (no gloves)
Will    .....                   (no boots)
Stlth   ..........              (no amulet)
HPRegen 0.20/turn               (no ring)
MPRegen 0.10/turn               (no ring)

@: no status effects
A: horns 2, retaliatory headbutt
a: no special abilities


You were on level 7 of the Dungeon.
You visited 1 branch of the dungeon, and saw 7 of its levels.
You also visited: Sewer and Ossuary.

You collected 362 gold pieces.

Inventory:

Hand Weapons
 a - a +2 whip of electrocution (weapon)
 b - the +9 hunting sling of Boxtym {vorpal, rElec rCorr SInv}
   (You found it on level 2 of the Dungeon)

   Any ammunition fired from it inflicts extra damage upon your enemies.
   rElec:     It insulates you from electricity.
   SInv:      It lets you see invisible.
   rCorr:     It protects you from acid and corrosion.
Missiles
 i - 85 stones (quivered)
 m - 9 poisoned darts
 p - 6 atropa-tipped darts
 r - 3 sling bullets
Armour
 f - a +0 kite shield
 u - a +0 chain mail (worn)
 v - a +0 cloak (worn)
 O - a +1 buckler of reflection (worn)
Jewellery
 c - a +6 ring of dexterity
 g - an amulet of magic regeneration
Wands
 K - a wand of acid (5)
 N - a wand of flame (13)
Scrolls
 e - 6 scrolls of identify {unknown}
 j - 5 scrolls of teleportation {unknown}
 k - 6 scrolls of blinking {unknown}
 n - 2 scrolls of fog {unknown}
 q - a scroll of amnesia {unknown}
 t - a scroll of magic mapping {unknown}
 y - 3 scrolls of summoning {unknown}
 C - 2 scrolls of torment {unknown}
 E - 3 scrolls of enchant armour {unknown}
 H - a scroll of silence {unknown}
 J - a scroll of fear {unknown}
Potions
 d - a potion of might
 h - 5 potions of curing {unknown}
 l - 2 potions of mutation {unknown}
 s - 2 potions of magic {unknown}
 w - 2 potions of cancellation {unknown}
 x - a potion of experience {unknown}
 z - 4 potions of heal wounds {unknown}
 A - 2 potions of haste {unknown}
 B - a potion of ambrosia {unknown}
 D - a potion of flight {unknown}
 F - 3 potions of attraction {unknown}
 G - a potion of berserk rage {unknown}
 I - a potion of resistance {unknown}
 L - a potion of brilliance {unknown}
 M - 3 potions of invisibility {unknown}


   Skills:
 - Level 3.6 Fighting
 * Level 11.7 Maces & Flails
 + Level 6.7 Slings
 - Level 3.6 Armour
 - Level 3.6 Shields


You had 7 spell levels left.
You didn't know any spells.
Your spell library contained the following spells:

 Spells                   Type           Power      Damage    Failure   Level
 Animate Skeleton         Necr           0%         N/A       99%         1
 Pain                     Necr           0%         1d4       99%         1
 Sublimation of Blood     Necr           0%         N/A       100%        2
 Wereblood                Tmut           0%         N/A       100%        2
 Vampiric Draining        Necr           0%         2d6       100%        3
 Hailstorm                Conj/Ice       0%         3d3       100%        4
 Ice Form                 Ice/Tmut       0%         N/A       100%        4
 Simulacrum               Ice/Necr       0%         N/A       100%        6
 Summon Hydra             Summ           0%         N/A       100%        7


Dungeon Overview and Level Annotations

Branches:
Dungeon (7/15)              Sewer (visited)         Ossuary (visited)
 Temple: D:4-7

Altars:


Innate Abilities, Weirdness & Mutations

You have a pair of horns on your head.
You reflexively headbutt those who attack you in melee.


Message History

Something hits you but does no damage.
You closely miss something. You closely miss something.
Something hits you but does no damage.
You closely miss something. You headbutt something.
You hit something but do no damage. Your headbutt misses something.
Something hits you.
You closely miss something. Your headbutt misses something.
You block something's attack.
You whack something! You completely miss something.
Something hits you but does no damage.
You closely miss something. The orc hits you with a +0 short sword.
You closely miss something.
You hear some strange, mumbled words.
You are confused.
You bump into the rock wall.
The orc hits you but does no damage. Something hits you but does no damage.
You miss something. The orc barely misses you.
You closely miss something. Something hits you but does no damage.
Unknown command.
You hit something. Your headbutt misses something.
The orc hits you but does no damage.
You hit something. Lightning courses through something!
Reactivating autopickup.
You feel a bit more experienced.
You're too confused to move!
The orc hits you but does no damage. The ice beast hits you.
The ice beast freezes you!
* * * LOW HITPOINT WARNING * * *
You hit the orc. Lightning courses through the orc!
You kill the orc!
Unknown command.
You're too confused to move!
You feel less confused. The ice beast barely misses you.
The orc priest invokes the aid of Beogh against you.
Beogh smites you!
* * * LOW HITPOINT WARNING * * *
You barely miss the ice beast. The ice beast hits you.
* * * LOW HITPOINT WARNING * * *
The ice beast freezes you!
You die...

...... #....#
#)...# #....#
####(...##
#....($..
#....o.#
#...#Y#
#...#@#
+...).####
#...........
#.##########
#.# #.#
#.######
#......#
###########.#


You could see an ice beast and an orc priest.

Vanquished Creatures
  Sigmund (D:3)
  Pargi (Sewer)
  An orc warrior (D:7)
  A black bear (D:7)
  A necrophage (D:6)
  2 centaurs (D:5)
  A phantom (D:4)
  A gnoll sergeant (D:5)
  2 water moccasin zombies (D:6)
  3 scorpions (D:6)
  A water moccasin skeleton (D:4)
  2 bullfrog zombies (D:6)
  2 centaur zombies (Ossuary)
  3 hounds
  A human zombie (Ossuary)
  3 iguanas (D:5)
  3 orc wizards
  A killer bee zombie (D:5)
  A hound skeleton (D:5)
  4 mummies (Ossuary)
  7 gnolls (D:5)
  5 adders
  A white imp (D:6)
  An ufetubus (D:5)
  3 worms
  3 dart slugs
  13 orcs
  10 endoplasms
  2 giant cockroaches
  3 gnoll zombies (Ossuary)
  8 goblins
  6 hobgoblins
  3 jackals (D:4)
  7 kobolds
  12 ball pythons
  7 bats
  6 frilled lizards
  A goblin zombie (Ossuary)
  A kobold zombie (Ossuary)
  3 rats
137 creatures vanquished.

Notes
Turn   | Place    | Note
-------+----------+-------------------------------------------
     0 | D:1      | Grim the Minotaur Fighter began the quest for the Orb.
     0 | D:1      | Reached XP level 1. HP: 19/19 MP: 0/0
   256 | D:1      | Reached skill level 3 in Maces & Flails
   272 | D:1      | Reached XP level 2. HP: 26/26 MP: 1/1
   691 | D:1      | Reached skill level 4 in Maces & Flails
  1066 | D:1      | Found a faded altar of an unknown god.
  1075 | D:1      | Reached XP level 3. HP: 31/31 MP: 2/2
  1465 | D:2      | Reached skill level 5 in Maces & Flails
  1932 | D:2      | Identified the +9 hunting sling of Boxtym {vorpal, rElec
                  | rCorr SInv}
  2239 | D:3      | Reached XP level 4. HP: 30/39 MP: 3/3
  2566 | D:3      | Reached skill level 1 in Slings
  2788 | D:3      | Noticed Sigmund
  2797 | D:3      | Killed Sigmund
  2798 | D:3      | Reached skill level 6 in Maces & Flails
  2798 | D:3      | Reached XP level 5. HP: 28/45 MP: 4/4
  2798 | D:3      | Reached XP level 6. HP: 32/51 MP: 5/5
  3056 | D:4      | Reached skill level 7 in Maces & Flails
  3302 | D:4      | Found a sand-covered staircase.
  3308 | Ossuary  | Entered an ossuary
  3516 | Ossuary  | Reached skill level 8 in Maces & Flails
  3641 | D:4      | Reached XP level 7. HP: 57/57 MP: 6/6
  3838 | D:5      | Entered Level 5 of the Dungeon
  4405 | D:5      | Found a glowing drain.
  4416 | Sewer    | Entered a sewer
  4444 | Sewer    | Noticed Pargi
  4451 | Sewer    | Killed Pargi
  4452 | Sewer    | Reached skill level 9 in Maces & Flails
  4667 | D:5      | Reached skill level 5 in Slings
  4787 | D:5      | Reached XP level 8. HP: 64/64 MP: 7/7
  4947 | D:5      | Reached skill level 10 in Maces & Flails
  5397 | D:6      | Reached skill level 11 in Maces & Flails
  6414 | D:7      | Slain by an ice beast

Illustrated notes

Levels and vault maps discovered:
D:1:      elethiomel_arrival_shortcut, layout_basic,
          shapermc_ecumenical_altar_mp_ritualfount,
          chequers_serial_rivers_small_a, chequers_avenue, lemuel_old_faithful
D:2:      layout_basic, chequers_serial_rivers_micro_a
D:3:      layout_basic, uniq_sigmund
D:4:      layout_cave_pools, enter_ossuary_1
D:5:      layout_basic, cheibrodos_sewer_entry_drain
D:6:      layout_basic
D:7:      layout_basic, temple_hall

Skill      XL: |  1  2  3  4  5  6  7  8 |
---------------+-------------------------+-----
Maces & Flails | 3 4 5 6 8 9 11 | 11.7
Slings         | 2 3 5 6 |  6.7
Fighting       | |  3.6
Armour         | |  3.6
Shields        | |  3.6

Action                   |  1- 3 |  4- 6 |  7- 9 || total
-------------------------+-------+-------+-------++-------
Melee: Flail             |    80 |   110 |    11 ||   201
       Headbutt          |     6 |    16 |     8 ||    30
       Whip              |       |       |    66 ||    66
 Fire: Hunting sling     |       |    11 |    99 ||   110
Armor: Scale mail        |    30 |    16 |       ||    46
       Chain mail        |       |    24 |    46 ||    70
Dodge: Dodged            |    45 |    33 |    32 ||   110
Block: Buckler           |    16 |    19 |    12 ||    47

Table legend: (Time is in decaauts)
 A = Elapsed time spent in this place.
 B = Non-inter-level travel time spent in this place.
 C = Inter-level travel time spent in this place.
 D = Time resting spent in this place.
 E = Time spent auto-exploring this place.
 F = Levels seen in this place.
 G = Mean time per level.
                   A        B        C        D        E       F      G
               +--------+--------+--------+--------+--------+-----+--------+
         Total |   6431 |   6289 |    142 |    190 |   5112 |   9 |  714.6 |
       Dungeon |   6006 |   5864 |    142 |    190 |   4849 |   7 |  858.0 |
         Sewer |    161 |    161 |      0 |      0 |     91 |   1 |  161.0 |
       Ossuary |    262 |    262 |      0 |      0 |    172 |   1 |  262.0 |
               +--------+--------+--------+--------+--------+-----+--------+

Top non-repeatable levels by time:
     D:1: 1263 daAuts
     D:5: 1255 daAuts
     D:6: 985 daAuts
     D:2: 931 daAuts
     D:3: 839 daAuts
     D:4: 568 daAuts
 Ossuary: 262 daAuts
     D:7: 162 daAuts
   Sewer: 161 daAuts
